 Dungeon Crawl Stone Soup version 0.31-a0-1591-g515db51633 (webtiles) character file.

Game seed: 8026056057262403546

95 pokeman the Magician (level 4, -1/25 HPs)
             Began as a Deep Elf Hedge Wizard on Jan 6, 2024.
             Slain by a gnoll
             ... wielding a +0 whip
              (5 damage)
             ... on level 2 of the Dungeon.
             The game lasted 00:03:19 (2362 turns).

pokeman the Magician (Deep Elf Hedge Wizard)        Turns: 2362, Time: 00:03:20

Health: -1/25      AC:  2    Str:  7    XL:     4   Next: 39%
Magic:  6/13       EV: 13    Int: 21    God:
Gold:   107        SH:  0    Dex: 20    Spells: 6/14 levels left

rFire   . . .        o - +3 dagger
rCold   . . .        (no shield)
rNeg    . . .        b - +0 robe
rPois   .            c - +0 hat
rElec   .            (no cloak)
rCorr   .            (no gloves)
SInv    .            (no boots)
Will    .....        (no amulet)
Stlth   +++          h - +6 ring of dexterity
HPRegen 0.24/turn    (no ring)
MPRegen 0.13/turn

%: no passive effects
@: lethally poisoned (-1 -> -3)
A: no striking features
a: no special abilities


You were on level 2 of the Dungeon.
You visited 1 branch of the dungeon, and saw 3 of its levels.

You collected 107 gold pieces.

Inventory:

Hand Weapons
 o - a +3 dagger (weapon)
Armour
 b - a +0 robe (worn)
 c - a +0 hat (worn)
Jewellery
 h - a +6 ring of dexterity (left hand)
Wands
 a - a wand of flame (25)
Scrolls
 f - a scroll of teleportation {unknown}
 l - a scroll of identify {unknown}
 m - a scroll of immolation {unknown}
 n - a scroll of vulnerability {unknown}
 r - a scroll of poison {unknown}
Potions
 d - a potion of magic
 e - a potion of degeneration {unknown}
 g - a potion of brilliance {unknown}
 i - a potion of curing {unknown}
 j - 2 potions of might {unknown}
 k - 2 potions of resistance {unknown}
 p - a potion of lignification {unknown}
 q - a potion of heal wounds {unknown}


   Skills:
 - Level 1.0 Fighting
 - Level 1.0 Armour
 + Level 2.7 Dodging
 + Level 2.7 Stealth
 * Level 5.6 Spellcasting
 + Level 2.2 Conjurations
 - Level 1.1 Summonings
 - Level 1.1 Translocations


You had 6 spell levels left.
You knew the following spells:

 Your Spells              Type           Power      Damage    Failure   Level
a - Magic Dart            Conj           60%        1d6       4%          1
b - Mephitic Cloud        Conj/Alch/Air  9%         N/A       22%         3
c - Call Imp              Summ           20%        N/A       10%         2
d - Blink                 Tloc           20%        N/A       10%         2

Your spell library contained the following spells:

 Spells                   Type           Power      Damage    Failure   Level
 Slow                     Hex            20%        N/A       10%         1
 Cigotuvi's Dreadful Rot  Necr/Alch/Air  10%        N/A       16%         2


Dungeon Overview and Level Annotations

Branches:
Dungeon (3/15)

Altars:

Shops:
D:2 [


Message History

The adder appears confused.
Unknown command.
You closely miss the adder.
You feel sick.
The adder is engulfed in noxious fumes.
The adder appears confused.
Your magical contamination has completely faded away.
Unknown command.
You hit the adder.
The adder is lightly wounded.
You feel sick.
You are no longer poisoned.
The adder is engulfed in noxious fumes.
The adder appears confused.
The adder barely misses you.
You hit the adder.
The adder is moderately wounded.
You feel ready to blink again. The adder bites you.
You hit the adder but do no damage.
The adder is moderately wounded.
The adder bites you.
You are poisoned.
The adder poisons you!
You catch the helpless adder completely off-guard!
You puncture the adder!
You kill the adder!
* * * LOW HITPOINT WARNING * * *
You feel sick.
The gnoll is engulfed in noxious fumes.
The gnoll appears confused.
Unknown command.
You hit the gnoll.
The gnoll is heavily wounded.
You feel sick.
The gnoll is engulfed in noxious fumes.
The gnoll appears confused.
The gnoll closely misses you.
You hit the gnoll but do no damage.
The gnoll is heavily wounded.
You feel sick.
The gnoll is engulfed in noxious fumes.
The gnoll appears confused.
You barely miss the gnoll.
The gnoll is heavily wounded.
You feel sick. The gnoll hits you with a +0 whip.
You die...

#.######## #........#
#.######.# ### #......#.#
#># ######.#.# #.#
########## #.#∩# #.#
#......... #.#.# #.##
#......... #.#.#
#..######.........
#.#.####@g....##.........
#..........[.............
#........#####.#.........
#........# #.#..#######
#........# #.##.#######
#....(...### #.##........
#..........###...........
#.......##.....#########.
#...................# #.


You could see a gnoll (confused).

Vanquished Creatures
  4 gnolls (D:2)
  2 adders (D:2)
  A dart slug (D:1)
  3 bats (D:1)
  4 endoplasms
  A giant cockroach (D:2)
  7 goblins
  2 hobgoblins (D:2)
  A quokka (D:2)
  8 ball pythons
  A frilled lizard (D:2)
  2 kobolds
  2 rats
38 creatures vanquished.

Notes
Turn   | Place    | Note
-------+----------+-------------------------------------------
     0 | D:1      | pokeman the Deep Elf Hedge Wizard began the quest for the
                  | Orb.
     0 | D:1      | Reached XP level 1. HP: 10/10 MP: 7/7
   299 | D:1      | Reached XP level 2. HP: 16/16 MP: 4/9
   353 | D:1      | Found a faded altar of an unknown god.
  1263 | D:2      | Reached skill level 5 in Spellcasting
  1389 | D:2      | Found Xiuram's Armour Shoppe.
  1433 | D:2      | Reached XP level 3. HP: 20/20 MP: 6/11
  1437 | D:2      | Learned a level 3 spell: Mephitic Cloud
  1440 | D:2      | Learned a level 2 spell: Call Imp
  1443 | D:2      | Learned a level 2 spell: Blink
  1591 | D:2      | Reached skill level 1 in Armour
  1617 | D:2      | Reached skill level 1 in Fighting
  2085 | D:2      | Reached XP level 4. HP: 25/25 MP: 8/13
  2362 | D:2      | Slain by a gnoll

Illustrated notes

Levels and vault maps discovered:
D:1:      erik_arrival_cave_to_civilisation [erik_arrival_cave_to_hall],
          layout_basic, hellmonk_ecumenical_altar_zigzags
D:2:      layout_basic, serial_shops, shop
D:3:      lemuel_castle_with_subvaults [lemuel_castle_interior_carwin_3],
          layout_rooms, lightli_temple_of_fire, elyvilon_altar_1

Skill      XL: |  1  2  3 |
---------------+----------+-----
Spellcasting   | 5 |  5.6
Armour         | 1 |  1.0
Fighting       | 1 |  1.0
Conjurations   | 2 |  2.2
Dodging        | |  2.7
Stealth        | |  2.7
Summonings     | |  1.1
Translocations | |  1.1

Action                     |  1- 3 |  4- 6 || total
---------------------------+-------+-------++-------
  Melee: Dagger            |    13 |     9 ||    22
         Punch             |     1 |       ||     1
   Cast: Magic Dart        |    84 |     3 ||    87
         Mephitic Cloud    |     3 |     2 ||     5
         Blink             |       |     1 ||     1
   Stab: Confused          |     3 |     2 ||     5
 Armour: Robe              |     6 |     5 ||    11
  Dodge: Dodged            |    22 |     4 ||    26

Table legend: (Time is in decaauts)
 A = Elapsed time spent in this place.
 B = Non-inter-level travel time spent in this place.
 C = Inter-level travel time spent in this place.
 D = Time resting spent in this place.
 E = Time spent auto-exploring this place.
 F = Levels seen in this place.
 G = Mean time per level.
                   A        B        C        D        E       F      G
               +--------+--------+--------+--------+--------+-----+--------+
         Total |   2359 |   2262 |     97 |      0 |   1983 |   3 |  786.3 |
       Dungeon |   2359 |   2262 |     97 |      0 |   1983 |   3 |  786.3 |
               +--------+--------+--------+--------+--------+-----+--------+

Top non-repeatable levels by time:
     D:1: 1207 daAuts
     D:2: 1149 daAuts
     D:3: 2 daAuts
